 Dungeon Crawl Stone Soup version 0.30-a0-222-ge547ba4400 (webtiles) character file.

Game seed: 6672790777833089990

447 qw the Chopper (level 7, -4/43 HPs)
             Began as a Gargoyle Fighter on Oct 8, 2022.
             Slain by an ogre
             ... wielding a +0 giant club
              (19 damage)
             ... on level 5 of the Dungeon.
             The game lasted 00:01:46 (4443 turns).

qw the Chopper (Gargoyle Fighter)                   Turns: 4443, Time: 00:01:47

Health: -4/43      AC: 16    Str: 22    XL:     7   Next: 3%
Magic:  7/7        EV: 10    Int: 15    God:
Gold:   266        SH:  4    Dex:  9    Spells: 6/6 levels left

rFire   + . .      SeeInvis .    Y - +0 war axe
rCold   . . .      Faith    .    c - +0 buckler
rNeg    + . .      Spirit   .    f - +5 ring mail "Zamit" {rF+ Int+7}
rPois   inf        Reflect  .    q - +0 helmet
rElec   +          Harm     .    (no cloak)
rCorr   .          Rampage  .    (no gloves)
Will    .....                    (no boots)
Stlth   ..........               n - amulet of the acrobat
HPRegen 0.27/turn                (no ring)
MPRegen 0.10/turn                (no ring)

@: no status effects
A: sickness immunity, AC +4, negative energy resistance 1, electricity
resistance, torment resistance 1, petrification resistance
a: no special abilities


You were on level 5 of the Dungeon.
You visited 1 branch of the dungeon, and saw 5 of its levels.

You collected 266 gold pieces.


Innate Abilities, Weirdness & Mutations

You are immune to sickness and miasma.
Your stone body is resilient. (AC +4)
You are immune to poison.
You resist negative energy. (rN+)
You are resistant to electric shocks. (rElec)
You are resistant to unholy torment.
You are immune to petrification.


   Skills:
 - Level 4.2 Fighting
 + Level 6.1 Axes
 - Level 3.2 Armour
 - Level 1.0 Dodging
 - Level 3.2 Shields


You had 6 spell levels left.
You didn't know any spells.
Your spell library was empty.

Inventory:

Hand Weapons
 a - a +0 flail
 Y - a +0 war axe (weapon)
Armour
 b - a +1 helmet
 c - a +0 buckler (worn)
 f - the +5 ring mail "Zamit" (worn) {rF+ Int+7}
   (You found it on level 3 of the Dungeon)

   Int:       It affects your intelligence (+7).
   rF:        It protects you from fire.
 g - a +0 chain mail
 q - a +0 helmet (worn)
Jewellery
 n - an amulet of the acrobat (around neck)
 p - an amulet of guardian spirit
Scrolls
 j - 2 scrolls of identify
 k - a scroll of teleportation
Potions
 d - 2 potions of might
 h - a potion of lignification
 i - a potion of mutation
 l - a potion of attraction {unknown}
 m - a potion of curing {unknown}

Dungeon Overview and Level Annotations

Branches:
Dungeon (5/15)
 Temple: D:4-7

Altars:
Cheibriados
Elyvilon
Fedhas
Kikubaaqudgha
Trog
Vehumet
Xom
Yredelemnul
The Shining One


Message History

The hobgoblin hits you but does no damage. x2
The gnoll closely misses you.
You barely miss the gnoll.
The gnoll is severely wounded.
You hit the hobgoblin. The gnoll closely misses you.
You block the hobgoblin's attack.
You hit the gnoll but do no damage.
The gnoll is severely wounded.
You slash the hobgoblin!
You kill the hobgoblin!
The gnoll hits you but does no damage.
You barely miss the gnoll.
The gnoll is severely wounded.
The gnoll closely misses you.
You hit the gnoll but do no damage.
The gnoll is severely wounded.
The gnoll barely misses you.
You closely miss the gnoll.
The gnoll is severely wounded.
The gnoll closely misses you. The gnoll hits you but does no damage.
You slash the gnoll!
You kill the gnoll!
You start resting.
HP restored.
Found a wand of flame (24).
An ogre comes into view. It is wielding a +0 giant club.
The ogre shouts!
You hit the ogre but do no damage. You block the ogre's attack.
You slash the ogre!
The ogre is heavily wounded.
The ogre hits you with a +0 giant club!!
Ouch! That really hurt!
You slash the ogre!
The ogre is almost dead.
You block the ogre's attack.
You hit the ogre but do no damage.
The ogre is almost dead.
The ogre hits you with a +0 giant club!!
You die...

#.########### #.
#.##........## #.
#.##...)...... #.
#.##..))...... #.
###............. #.
#>.............. #.
########.......#.# #.
...................## #.
.......@......##.....##.
......O.......# ##.....
..........##### ###.(.
..........# #...
/.........# ##..
..........# #.#
..........# #.#
..........# #.# ..#


You could see an ogre.

Vanquished Creatures
  Blork the orc (D:4)
  A scorpion (D:4)
  Terence (D:2)
  2 iguanas (D:5)
  2 orc wizards (D:4)
  A gnoll (D:5)
  7 adders
  A worm (D:2)
  3 dart slugs
  11 orcs (D:4)
  9 ball pythons
  8 endoplasms
  6 giant cockroaches
  11 goblins
  10 hobgoblins
  3 quokkas
  7 bats
  4 frilled lizards
  11 kobolds
  3 rats
102 creatures vanquished.

Vanquished Creatures (others)
  An orc (D:4)
  16 fungi (D:5)
17 creatures vanquished.

Grand Total: 119 creatures vanquished

Notes
Turn   | Place    | Note
-------+----------+-------------------------------------------
     0 | D:1      | qw the Gargoyle Fighter began the quest for the Orb.
     0 | D:1      | Reached XP level 1. HP: 14/14 MP: 1/1
     0 | D:1      | 0 ||| qw: Version: 0.2-a-17-g06abaee
     0 | D:1      | 0 ||| qw: Game counter: 2032
     0 | D:1      | 0 ||| qw: Always use a shield: true
     0 | D:1      | 0 ||| qw: God list: Okawaru
     0 | D:1      | 0 ||| qw: Allow faded altars: false
     0 | D:1      | 0 ||| qw: Do Orc after D:15 true
     0 | D:1      | 0 ||| qw: Do second Lair branch before Depths: true
     0 | D:1      | 0 ||| qw: Lair rune preference: random
     0 | D:1      | 0 ||| qw: Plans: Normal, Zot:1-4, God:TSO, Crypt, Tomb,
                  | Pan, Slime:5, Hells, Abyss, Orb
     0 | D:1      | 0 ||| PLANNING D:1-11
    58 | D:1      | Found a faded altar of an unknown god.
   136 | D:1      | 136 ||| DROPPING +0 club.
   162 | D:1      | Reached skill level 2 in Axes
   281 | D:1      | 281 ||| Stepping ~*~*~tactically~*~*~ (hiding).
   287 | D:1      | Reached XP level 2. HP: 19/19 MP: 2/2
   420 | D:1      | 420 ||| Stepping ~*~*~tactically~*~*~ (stealth).
   656 | D:1      | Reached skill level 3 in Axes
   875 | D:1      | 875 ||| READING scroll labelled RIGIOTSOTUH.
   976 | D:1      | 976 ||| READING scroll labelled TARUBE QEPYSI.
   977 | D:1      | 977 ||| READING scroll labelled QOOCLAA WISHRUN.
   978 | D:1      | 978 ||| READING scroll labelled QIOLAT VUL CIM.
   978 | D:1      | Identified a scroll of acquirement
   978 | D:1      | 978 ||| ACQUIRING +1 hat "Lauchiz" {rN+ Int+4}
   978 | D:1      | Acquired the +1 hat "Lauchiz" {rN+ Int+4}
   980 | D:1      | 980 ||| UPGRADING to +1 hat "Lauchiz" {rN+ Int+4}.
   985 | D:1      | 985 ||| READING 3 scrolls labelled EXUX YT GIAZE.
   986 | D:1      | 986 ||| READING 2 scrolls of identify.
   986 | D:1      | 986 ||| IDENTIFYING metallic golden potion
  1006 | D:2      | Reached XP level 3. HP: 19/23 MP: 3/3
  1006 | D:2      | 1006 ||| STAIRDANCE
  1063 | D:2      | 1063 ||| Stepping ~*~*~tactically~*~*~ (stealth).
  1360 | D:2      | Noticed Terence
  1372 | D:2      | Killed Terence
  1373 | D:2      | Reached skill level 4 in Axes
  1373 | D:2      | Reached XP level 4. HP: 15/28 MP: 4/4
  2031 | D:2      | 2031 ||| UPGRADING to +0 helmet.
  2041 | D:2      | 2041 ||| DROPPING +1 hat "Lauchiz" {rN+ Int+4}.
  2042 | D:2      | 2042 ||| UPGRADING to amulet of the acrobat.
  2047 | D:2      | 2047 ||| READING scroll labelled HAOWYS UTOL.
  2048 | D:2      | 2048 ||| READING scroll labelled AFOILUNIUCS.
  2049 | D:2      | 2049 ||| READING scroll labelled ZIFEHEHUYQI.
  2103 | D:3      | Found a snail-covered altar of Cheibriados.
  2175 | D:3      | Identified the +5 ring mail "Zamit" {rF+ Int+7}
  2620 | D:3      | 2620 ||| Stepping ~*~*~tactically~*~*~ (hiding).
  2621 | D:3      | 2621 ||| Stepping ~*~*~tactically~*~*~ (hiding).
  2648 | D:3      | 2648 ||| Stepping ~*~*~tactically~*~*~ (stealth).
  2683 | D:3      | 2683 ||| Stepping ~*~*~tactically~*~*~ (stealth).
  2722 | D:3      | Reached XP level 5. HP: 32/32 MP: 5/5
  2750 | D:3      | 2750 ||| Stepping ~*~*~tactically~*~*~ (stealth).
  2753 | D:3      | 2753 ||| Stepping ~*~*~tactically~*~*~ (stealth).
  2777 | D:3      | 2777 ||| Stepping ~*~*~tactically~*~*~ (stealth).
  2789 | D:3      | 2789 ||| Stepping ~*~*~tactically~*~*~ (stealth).
  2792 | D:3      | 2792 ||| Stepping ~*~*~tactically~*~*~ (stealth).
  2919 | D:3      | 2919 ||| UPGRADING to +5 ring mail "Zamit" {rF+ Int+7}.
  2929 | D:3      | 2929 ||| DROPPING +0 scale mail.
  2930 | D:3      | 2930 ||| READING scroll labelled BISCHA YRRA.
  2931 | D:3      | 2931 ||| READING scroll labelled UCLOUG EPIR.
  2934 | D:3      | 2934 ||| READING scroll labelled AWEACU REHIE.
  2935 | D:3      | 2935 ||| DRINKING 2 murky inky potions.
  2936 | D:3      | 2936 ||| READING 2 scrolls of identify.
  2936 | D:3      | 2936 ||| IDENTIFYING sedimented green potion
  2937 | D:3      | 2937 ||| DROPPING potion of degeneration.
  2985 | D:4      | 2985 ||| Stepping ~*~*~tactically~*~*~ (stealth).
  2999 | D:4      | Found a white marble altar of Elyvilon.
  3003 | D:4      | Found a basalt altar of Yredelemnul.
  3003 | D:4      | Found a radiant altar of Vehumet.
  3004 | D:4      | 3004 ||| Stepping ~*~*~tactically~*~*~ (stealth).
  3024 | D:4      | Found a blossoming altar of Fedhas.
  3024 | D:4      | Found a glowing golden altar of the Shining One.
  3058 | D:4      | Noticed Blork the orc
  3067 | D:4      | HP: 3/32 [Blork the orc/+0 halberd (7)]
  3068 | D:4      | 3068 ||| DRINKING potion of heal wounds.
  3085 | D:4      | HP: 7/32 [something (3)]
  3087 | D:4      | Killed Blork the orc
  3088 | D:4      | Reached skill level 5 in Axes
  3091 | D:4      | HP: 5/32 [something/magic dart (4)]
  3097 | D:4      | HP: 3/32 [something/puff of flame (4)]
  3102 | D:4      | Reached skill level 1 in Dodging
  3102 | D:4      | Reached XP level 6. HP: 4/37 MP: 6/6
  3230 | D:4      | 3230 ||| DROPPING +0 whip.
  3440 | D:4      | 3440 ||| Stepping ~*~*~tactically~*~*~ (stealth).
  3443 | D:4      | 3443 ||| Stepping ~*~*~tactically~*~*~ (stealth).
  3445 | D:4      | 3445 ||| Stepping ~*~*~tactically~*~*~ (stealth).
  3458 | D:4      | Found a bloodstained altar of Trog.
  3473 | D:4      | 3473 ||| Stepping ~*~*~tactically~*~*~ (stealth).
  3479 | D:4      | 3479 ||| Stepping ~*~*~tactically~*~*~ (stealth).
  3547 | D:4      | 3547 ||| Stepping ~*~*~tactically~*~*~ (stealth).
  3554 | D:4      | 3554 ||| Stepping ~*~*~tactically~*~*~ (stealth).
  3616 | D:4      | 3616 ||| Stepping ~*~*~tactically~*~*~ (stealth).
  3628 | D:4      | 3628 ||| Stepping ~*~*~tactically~*~*~ (stealth).
  3630 | D:4      | 3630 ||| Stepping ~*~*~tactically~*~*~ (stealth).
  3632 | D:4      | 3632 ||| Stepping ~*~*~tactically~*~*~ (hiding).
  3633 | D:4      | 3633 ||| Stepping ~*~*~tactically~*~*~ (hiding).
  3637 | D:4      | 3637 ||| Stepping ~*~*~tactically~*~*~ (hiding).
  3748 | D:4      | Found a shimmering altar of Xom.
  4004 | D:4      | 4004 ||| READING scroll labelled JOLOCH QIAT.
  4005 | D:4      | 4005 ||| DRINKING 2 dark potions.
  4006 | D:4      | 4006 ||| READING 2 scrolls of identify.
  4006 | D:4      | 4006 ||| IDENTIFYING sedimented red potion
  4007 | D:4      | 4007 ||| DROPPING potion of brilliance.
  4055 | D:5      | Entered Level 5 of the Dungeon
  4106 | D:5      | Reached skill level 6 in Axes
  4163 | D:5      | Found an ancient bone altar of Kikubaaqudgha.
  4342 | D:5      | Reached XP level 7. HP: 21/43 MP: 7/7
  4443 | D:5      | Slain by an ogre

Levels and vault maps discovered:
D:1:      psy_arrival_radial02, layout_basic,
          hellmonk_ecumenical_altar_lost_god, minmay_pentomino_r2
D:2:      layout_basic, kennysheep_generic_room_12, uniq_terence
D:3:      minmay_chambers_of_threes, layout_basic, mainiacjoe_overflow_boulevard
D:4:      layout_loops_ring, tgw_xom, grunt_temple_overflow_open,
          trog_three_pillars_becter, minmay_misc_feat_plants, kennysheep_nub,
          uniq_blork_the_orc
D:5:      kennysheep_steamy, layout_basic, kennysheep_mini, sigmund_army

Skill      XL: |  1  2  3  4  5  6 |
---------------+-------------------+-----
Axes           | 2 3 4 5 6 |  6.1
Dodging        | 1 |  1.0
Fighting       | 4 |  4.2
Armour         | |  3.2
Shields        | |  3.2

Action                   |  1- 3 |  4- 6 |  7- 9 || total
-------------------------+-------+-------+-------++-------
Melee: War axe           |    98 |   218 |    12 ||   328
  Use: Scroll            |     6 |     9 |       ||    15
       Potion            |       |     3 |       ||     3
Armor: Scale mail        |    46 |    56 |       ||   102
       Ring mail         |       |    89 |     5 ||    94
Dodge: Dodged            |    43 |   146 |     8 ||   197
Block: Buckler           |    15 |    37 |     3 ||    55

Table legend:
 A = Non-vault XP
 B = Vault XP
 C = Vault XP percentage of total XP
 D = Non-vault monster count
 E = Vault monster count
 F = Vault count percentage of total count
                 A         B        C        D         E       F
            +---------+---------+-------+---------+---------+-------
      Total |     445 |     194 |  30.4 |      79 |      24 |  23.3
            +---------+---------+-------+---------+---------+-------
        D:1 |      28 |       2 |   6.7 |      16 |       1 |   5.9
        D:2 |      41 |      41 |  50.0 |      17 |       3 |  15.0
        D:3 |      57 |      21 |  26.9 |      18 |      12 |  40.0
        D:4 |     234 |     111 |  32.2 |      25 |       5 |  16.7
        D:5 |      85 |      19 |  18.3 |       3 |       3 |  50.0
            +---------+---------+-------+---------+---------+-------
